 Dungeon Crawl Stone Soup version 0.31-a0-232-gb1c03b2570 (webtiles) character file.

Game seed: 4261057703109818924

93 qw the Shooter (level 4, -3/36 HPs)
             Began as a Minotaur Hexslinger on July 7, 2023.
             Killed from afar by an orc wizard (7 damage)
             ... with a magic dart
             ... on level 3 of the Dungeon.
             The game lasted 00:00:42 (1270 turns).

qw the Shooter (Minotaur Hexslinger)                Turns: 1270, Time: 00:00:43

Health: -3/36      AC:  5    Str: 13    XL:     4   Next: 37%
Magic:  4/4        EV: 11    Int: 10    God:
Gold:   134        SH:  0    Dex: 14    Spells: 4/5 levels left

rFire   . . .        Y - +2 sling
rCold   . . .        (no shield)
rNeg    . . .        d - +0 ring mail
rPois   .            (helmet restricted)
rElec   .            (no cloak)
rCorr   .            (no gloves)
SInv    .            (no boots)
Will    .....        (no amulet)
Stlth   +            (no ring)
HPRegen 0.26/turn    (no ring)
MPRegen 0.09/turn

%: no passive effects
@: no status effects
A: horns 2, retaliatory headbutt
a: no special abilities


You were on level 3 of the Dungeon.
You visited 1 branch of the dungeon, and saw 3 of its levels.

You collected 134 gold pieces.


Innate Abilities, Weirdness & Mutations

You have a pair of horns on your head.
You reflexively headbutt those who attack you in melee.


   Skills:
 - Level 2.0 Fighting
 + Level 4.8 Ranged Weapons
 - Level 1.0 Armour
 - Level 2.1 Dodging
 - Level 1.0 Spellcasting
 - Level 2.0 Hexes


You had 4 spell levels left.
You knew the following spells:

 Your Spells              Type           Power      Damage    Failure   Level
a - Slow                  Hex            16%        N/A       32%         1

Your spell library contained the following spells:

 Spells                   Type           Power      Damage    Failure   Level
 Inner Flame              Hex/Fire       2%         N/A       82%         3
 Portal Projectile        Hex/Tloc       4%         N/A       82%         3
 Cause Fear               Hex            2%         N/A       97%         4

Inventory:

Hand Weapons
 Y - a +2 sling (weapon)
Armour
 d - a +0 ring mail (worn)
 g - a +1 pair of boots of rampaging
Scrolls
 a - 2 scrolls of enchant armour
 b - a scroll of fog {unknown}
 h - a scroll of vulnerability {unknown}
Potions
 c - a potion of degeneration {unknown}
 e - a potion of berserk rage {unknown}
 f - a potion of curing {unknown}

Dungeon Overview and Level Annotations

Branches:
Dungeon (3/15)

Altars:


Message History

You shoot a sling bullet.
The sling bullet barely misses the orc wizard.
The orc wizard gestures at you while chanting.
You resist with some effort. The orc hits you with a +0 mace.
You shoot a sling bullet. The sling bullet hits the orc wizard.
The orc wizard is almost dead.
The orc wizard gestures at you while chanting.
The magic dart hits you. The orc closely misses you. You furiously retaliate!
You headbutt the orc!
You kill the orc!
The orc wizard gestures at you while chanting.
You are confused.
The orc wizard hits you but does no damage.
The orc barely misses you.
The orc wizard gestures at you while chanting.
You are more confused.
The orc hits you but does no damage.
The orc wizard hits you but does no damage.
The orc barely misses you.
The orc wizard hits you with a +0 dagger.
The orc barely misses you.
The orc wizard hits you but does no damage.
The orc hits you with a +0 club.
The orc wizard hits you but does no damage.
The orc hits you with a +0 club.
The orc wizard hits you but does no damage.
The orc hits you with a +0 club.
The orc wizard hits you with a +0 dagger.
The orc hits you with a +0 club.
The orc wizard hits you but does no damage.
The orc barely misses you. The orc wizard barely misses you.
The orc misses you.
You feel less confused.
The orc wizard hits you but does no damage.
The orc hits you with a +0 club.
You shoot a sling bullet.
The sling bullet closely misses the orc wizard.
The orc wizard casts a spell at you. The magic dart hits you!
You die...

#####.# #.#####
#...#.## #.# #
#.#.#..# #.# #
#.#.##.# #.# #
#.#.##.###.#####
#.#.........>.##
#...............
#########.#####..##
#o@...............[
#o#########.###..##
... #.# #..# #.#.
#.# #..# #$#. #.#
#... # #. #.# #.###
#. #.# #.# #. #.#
#.# ..#


You could see an orc wizard and an orc.

Vanquished Creatures
  Jessica (D:3)
  4 dart slugs
  3 orcs (D:3)
  2 bats
  6 endoplasms
  4 giant cockroaches
  3 hobgoblins
  6 jackals
  6 kobolds
  4 quokkas (D:2)
  A ball python (D:1)
  4 frilled lizards
  2 goblins (D:1)
  3 rats
49 creatures vanquished.

Notes
Turn   | Place    | Note
-------+----------+-------------------------------------------
     0 | D:1      | qw the Minotaur Hexslinger began the quest for the Orb.
     0 | D:1      | Reached XP level 1. HP: 16/16 MP: 1/1
     0 | D:1      | 0 ||| qw: Version: 0.3-a-46-gb1f654a
     0 | D:1      | 0 ||| qw: Game counter: 2183
     0 | D:1      | 0 ||| qw: Melee chars always use a shield: true
     0 | D:1      | 0 ||| qw: God list: Okawaru
     0 | D:1      | 0 ||| qw: Allow faded altars: false
     0 | D:1      | 0 ||| qw: Do Orc after clearing Dungeon:15 true
     0 | D:1      | 0 ||| qw: Do second Lair branch before Depths: true
     0 | D:1      | 0 ||| qw: Lair rune preference: random
     0 | D:1      | 0 ||| qw: Goals: Normal
     0 | D:1      | 0 ||| PLANNING D:1-11
    25 | D:1      | Found a faded altar of an unknown god.
   176 | D:1      | Reached skill level 3 in Ranged Weapons
   176 | D:1      | Reached XP level 2. HP: 23/23 MP: 2/2
   391 | D:1      | Reached XP level 3. HP: 22/29 MP: 3/3
   610 | D:1      | 610 ||| UPGRADING to +0 ring mail.
   620 | D:1      | 620 ||| DROPPING +0 robe.
   621 | D:1      | 621 ||| READING scroll labelled CIEG MOTUR.
   622 | D:1      | 622 ||| READING scroll labelled INOEFOKEXI.
   623 | D:1      | 623 ||| READING scroll labelled AHIYKUPUVOO.
   624 | D:1      | 624 ||| DROPPING scroll of poison.
   802 | D:2      | Reached skill level 4 in Ranged Weapons
   900 | D:2      | Reached skill level 1 in Armour
  1079 | D:2      | 1079 ||| FLEEEEING.
  1080 | D:2      | 1080 ||| FLEEEEING.
  1081 | D:2      | 1081 ||| FLEEEEING.
  1095 | D:2      | 1095 ||| FLEEEEING.
  1096 | D:2      | 1096 ||| FLEEEEING.
  1136 | D:2      | 1136 ||| READING scroll labelled TOIMOXKAJIO.
  1137 | D:2      | 1137 ||| DRINKING 2 smoky orange potions.
  1138 | D:2      | 1138 ||| DROPPING potion of brilliance.
  1178 | D:3      | Noticed Jessica
  1186 | D:3      | Killed Jessica
  1187 | D:3      | Reached XP level 4. HP: 36/36 MP: 4/4
  1263 | D:3      | HP: 9/36 [orc/+0 club (4)]
  1269 | D:3      | HP: 3/36 [orc/+0 club (2)]
  1270 | D:3      | Killed from afar by an orc wizard

Levels and vault maps discovered:
D:1:      tarquinn_simple_flora_water_a, layout_loops_ring,
          basic_ecumenical_altar
D:2:      layout_rooms, grunt_ministairs_15
D:3:      layout_basic, fedhas_altar_fruit_tree, uniq_sigmund, uniq_jessica

Skill      XL: |  1  2  3 |
---------------+----------+-----
Ranged Weapons | 3 4 |  4.8
Fighting       | 2 |  2.0
Armour         | 1 |  1.0
Dodging        | |  2.1
Spellcasting   | |  1.0
Hexes          | |  2.0

Action                     |  1- 3 |  4- 6 || total
---------------------------+-------+-------++-------
   Fire: Sling             |   143 |    14 ||   157
    Use: Scroll            |     4 |       ||     4
         Potion            |     1 |       ||     1
 Armour: Robe              |     4 |       ||     4
         Ring mail         |     8 |    11 ||    19
  Dodge: Dodged            |    35 |    10 ||    45

Table legend:
 A = Non-vault XP
 B = Vault XP
 C = Vault XP percentage of total XP
 D = Non-vault monster count
 E = Vault monster count
 F = Vault count percentage of total count
                 A         B        C        D         E       F
            +---------+---------+-------+---------+---------+-------
      Total |      93 |      41 |  30.6 |      46 |       3 |   6.1
            +---------+---------+-------+---------+---------+-------
        D:1 |      50 |       0 |   0.0 |      26 |       0 |   0.0
        D:2 |      32 |       4 |  11.1 |      16 |       2 |  11.1
        D:3 |      11 |      37 |  77.1 |       4 |       1 |  20.0
            +---------+---------+-------+---------+---------+-------
